 Dungeon Crawl Stone Soup version 0.24-a0-170-gd8427f5 (webtiles) character file.

Game seed: 8283774986090475468

3257 Borgoz the Slicer (level 10, 0/63 HPs)
             Began as a Gargoyle Gladiator on Mar 8, 2019.
             Was a Follower of Ashenzari.
             Slain by an orc wizard
             ... wielding a +2 dagger of speed
              (3 damage)
             ... on level 8 of the Dungeon.
             The game lasted 00:09:37 (6164 turns).

Borgoz the Slicer (Gargoyle Gladiator)              Turns: 6164, Time: 00:09:39

Health: 0/63       AC: 13    Str: 20    XL:     10   Next: 0%
Magic:  10/10      EV: 14    Int: 11    God:    Ashenzari [*.....]
Gold:   319        SH:  0    Dex: 12    Spells: 9/9 levels left

rFire    . . .     SeeInvis .   a - +1 short sword (elec)
rCold    + . .     Gourm    .   (no shield)
rNeg     + . .     Faith    .   G - +1 leather armour of Uskayaw's Envy {rC+ Str+2}
rPois    ∞         Spirit   .   c - +0 helmet
rElec    +         Reflect  .   (no cloak)
rCorr    .         Harm     .   (no gloves)
MR       .....                  (no boots)
Stlth    +.........             D - amulet of regeneration
HPRegen  0.60/turn              (no ring)
MPRegen  0.12/turn              (no ring)

@: confused
A: negative energy resistance 1, electricity resistance, unbreathing,
petrification resistance, rot immunity, AC +7
a: Curse Item, Scrying, Renounce Religion


You were on level 8 of the Dungeon.
You worshipped Ashenzari.
Ashenzari was aware of your devotion.
You were hungry.

You visited 2 branches of the dungeon, and saw 9 of its levels.

You collected 319 gold pieces.

Inventory:

Hand Weapons
 a - a +1 short sword of electrocution (weapon)
 b - a +0 blowgun
 H - a +1 dagger of electrocution
Missiles
 d - 5 throwing nets (quivered)
 r - 4 poisoned needles
 u - 4 poisoned javelins
 y - 7 tomahawks
Armour
 c - a +0 helmet (worn)
 p - a +2 chain mail of magic resistance
 G - the +1 leather armour of Uskayaw's Envy (worn) {rC+ Str+2}
   (You found it on level 6 of the Dungeon)

   It affects your strength (+2).
   It protects you from cold.
 J - a +2 pair of boots
Jewellery
 D - an amulet of regeneration (around neck)
Wands
 z - a wand of flame (20)
 E - a wand of iceblast (10)
 K - a wand of random effects (24)
Scrolls
 k - 3 scrolls of remove curse
 s - a scroll of immolation {unknown}
 t - a scroll of blinking {unknown}
 w - a scroll of noise {unknown}
 A - 5 scrolls of teleportation
 B - 2 scrolls of identify
 I - a scroll of amnesia
Potions
 e - a potion of ambrosia
 g - 2 potions of heal wounds {unknown}
 h - a potion of lignification {unknown}
 i - 3 potions of haste
 j - 2 potions of magic
 l - a potion of might {unknown}
 m - a potion of invisibility
 n - a potion of mutation {unknown}
 o - 3 potions of degeneration {unknown}
 q - 2 potions of curing
 v - a potion of flight {unknown}
 x - a potion of resistance {unknown}
 C - 2 potions of brilliance {unknown}
 F - a potion of cancellation {unknown}
Comestibles
 f - 10 rations


   Skills:
 + Level 7.0 Fighting
 * Level 8.4 Short Blades
 - Level 1.7 Throwing
 + Level 6.5 Armour
 + Level 5.6 Dodging


You had 9 spell levels left.
You didn't know any spells.
Your spell library contained the following spells:

 Spells                   Type           Power        Failure   Level  Hunger
 Corona                   Hex            #......      38%         1    ##.....
 Ensorcelled Hibernation  Hex/Ice        #.....       52%         2    ###....
 Confuse                  Hex            #.......     77%         3    ####...
 Dazzling Spray           Conj/Hex       #.....       77%         3    ####...
 Tukima's Dance           Hex            #.......     77%         3    ####...


Dungeon Overview and Level Annotations

Branches:
Dungeon (8/15)             Temple (1/1) D:4
   Lair: D:8-11

Altars:
Ashenzari
Cheibriados
Dithmenos
Elyvilon
Fedhas
Gozag
Hepliaklqana
Kikubaaqudgha
Makhleb
Nemelex Xobeh
Okawaru
Qazlal
Ru
Sif Muna
Trog
Uskayaw
Vehumet
Wu Jian
Xom
Yredelemnul
Zin
The Shining One


Innate Abilities, Weirdness & Mutations

You are resistant to torment.
Your stone body is resilient. (AC +7)
You are immune to poison.
You resist negative energy. (rN+)
You are resistant to electric shocks. (rElec)
You can survive without breathing.
You are immune to petrification.
You are immune to rotting.


Message History

You hit something.
The orc warrior hits you but does no damage.
You miss something.
The orc warrior hits you from afar with a +0 trident.
Something hits you.
You hit something. Something barely misses you.
You closely miss something. Something hits you.
The orc warrior hits you from afar with a +0 trident!
* * * LOW HITPOINT WARNING * * *
You miss something. Something completely misses you.
Something hits you but does no damage.
The orc warrior hits you from afar with a +0 trident!
* * * LOW HITPOINT WARNING * * *
It was a potion of ambrosia.
You are confused.
You feel invigorated. Something hits you but does no damage.
The orc warrior hits you from afar with a +0 trident!
* * * LOW HITPOINT WARNING * * *
Something hits you.
You die...

. ### #. ..# ###
#.o #.###.##
.... #.##.#.##
#....##y#.###.##
#...O5yyo...##.#
.....##y#{#.#.##
#.. #.##@..## #
##.##...##
..#.###.## ##.#
##.# ##.###.##
#.#.## #<## #..#
#...#


You could see an orc warrior and 2 killer bees.

Vanquished Creatures
  Pikel (D:7)
  Grinder (D:5)
  2 hippogriffs (D:7)
  Prince Ribbit (D:5)
  Sigmund (D:5)
  Duvessa (D:5)
  An orc warrior (D:6)
  A phantom (D:4)
  A centaur (D:6)
  A big kobold (D:7)
  2 bullfrogs (D:7)
  Dowan (D:5)
  A scorpion (D:4)
  6 killer bees
  2 howler monkeys (D:7)
  2 crimson imps (D:7)
  2 bullfrog zombies
  A centaur zombie (D:5)
  A hound (D:5)
  2 gnoll shamans
  2 orc priests
  Ijyb (D:5)
  An iguana (D:6)
  2 orc wizards
  6 worker ants
  2 hound skeletons
  9 gnolls
  7 adders
  A shadow imp (D:7)
  2 oozes (D:4)
  2 adder skeletons (D:7)
  3 worms
  4 dart slugs
  8 leopard geckos
  24 orcs
  9 giant cockroaches
  3 goblins
  8 hobgoblins
  14 jackals
  13 kobolds
  4 quokkas
  7 ball pythons
  9 bats
  A frilled lizard (D:3)
  A leopard gecko skeleton (D:6)
  6 rats
180 creatures vanquished.

Notes
Turn   | Place    | Note
-------+----------+-------------------------------------------
     0 | D:1      | Borgoz the Gargoyle Gladiator began the quest for the Orb.
     0 | D:1      | Reached XP level 1. HP: 12/12 MP: 1/1
    62 | D:1      | Reached XP level 2. HP: 2/18 MP: 2/2
   355 | D:1      | Reached skill level 3 in Short Blades
   743 | D:2      | Reached skill level 1 in Armour
  1106 | D:2      | Reached XP level 3. HP: 22/22 MP: 3/3
  1288 | D:2      | Found a burning altar of Makhleb.
  1848 | D:3      | Reached XP level 4. HP: 24/27 MP: 4/4
  2253 | D:3      | Reached XP level 5. HP: 30/32 MP: 5/5
  2680 | D:3      | Found a hazy altar of Hepliaklqana.
  2815 | D:3      | Reached skill level 4 in Short Blades
  3208 | D:4      | Found a staircase to the Ecumenical Temple.
  3216 | D:4      | Noticed a phantom
  3247 | D:4      | Killed a phantom
  3247 | D:4      | Reached XP level 6. HP: 20/38 MP: 6/6
  3397 | Temple   | Entered the Ecumenical Temple
  3488 | Temple   | Became a worshipper of Ashenzari the Shackled
  4240 | D:5      | Entered Level 5 of the Dungeon
  4289 | D:5      | Noticed Prince Ribbit
  4299 | D:5      | Killed Prince Ribbit
  4299 | D:5      | Reached skill level 5 in Short Blades
  4299 | D:5      | Reached XP level 7. HP: 42/43 MP: 7/7
  4309 | D:5      | Noticed Duvessa
  4311 | D:5      | Noticed Dowan
  4322 | D:5      | Killed Duvessa
  4329 | D:5      | Killed Dowan
  4392 | D:5      | Reached XP level 8. HP: 48/48 MP: 8/8
  4393 | D:5      | Noticed Ijyb
  4398 | D:5      | Killed Ijyb
  4474 | D:5      | Noticed Sigmund
  4496 | D:5      | Killed Sigmund
  4496 | D:5      | Reached skill level 5 in Fighting
  4496 | D:5      | Reached skill level 6 in Short Blades
  4538 | D:5      | Noticed Grinder
  4547 | D:5      | Killed Grinder
  4780 | D:6      | Found a glowing silver altar of Zin.
  4846 | D:6      | Found an ancient bone altar of Kikubaaqudgha.
  5011 | D:6      | Got the uncursed leather armour of Uskayaw's Envy {rC+
                  | Str+2}
  5022 | D:6      | Identified the +1 leather armour of Uskayaw's Envy {rC+
                  | Str+2} (You found it on level 6 of the Dungeon)
  5168 | D:6      | Reached skill level 5 in Armour
  5227 | D:7      | Reached skill level 7 in Short Blades
  5227 | D:7      | Reached XP level 9. HP: 18/55 MP: 9/9
  5323 | D:7      | Reached * piety under Ashenzari
  5375 | D:7      | Found a stormy altar of Qazlal.
  5400 | D:7      | Reached skill level 5 in Dodging
  5493 | D:7      | Noticed Pikel
  5520 | D:7      | Killed Pikel
  5520 | D:7      | Reached skill level 8 in Short Blades
  6141 | D:8      | Reached XP level 10. HP: 55/63 MP: 10/10
  6164 | D:8      | HP: 3/63 [orc warrior/+0 trident (7)]
  6164 | D:8      | Slain by an orc wizard

Levels and vault maps discovered:
D:1:      moated_graveyard_arrival, layout_basic, minmay_domino_4
D:2:      layout_loops_corners, nicolae_overflow_crystal_walls,
          minmay_close_crescents
D:3:      layout_basic, marbit_many_paths, serial_rivers,
          chequers_serial_rivers_micro_d, chequers_serial_rivers_small_3,
          chequers_serial_rivers_room_b, chequers_serial_rivers_small_3,
          first_ration, minmay_shallow_snake_nest
D:4:      layout_gridville, temple_fountains
D:5:      layout_rooms, uniq_duvessa, uniq_ijyb, uniq_prince_ribbit1,
          uniq_grinder, uniq_sigmund
D:6:      layout_basic, old_standard_altar, zin_treasury
D:7:      layout_rooms, basic_altar, uniq_pikel
D:8:      layout_loops_corners, dpeg_oklobed_lair
Temple:   dpeg_five_rooms_temple

Skill      XL: |  1  2  3  4  5  6  7  8  9 |
---------------+----------------------------+-----
Short Blades   | 3 4 5 7 8 |  8.4
Armour         | 1 2 3 4 5 6 |  6.5
Fighting       | 3 4 5 7 |  7.0
Dodging        | 3 4 5 |  5.6
Throwing       | |  1.7

Action                   |  1- 3 |  4- 6 |  7- 9 | 10-12 || total
-------------------------+-------+-------+-------+-------++-------
Melee: Rapier            |   122 |    67 |       |       ||   189
       Short sword       |       |   191 |   341 |    20 ||   552
  Use: Scroll            |       |     8 |       |       ||     8
       Potion            |       |       |       |     1 ||     1
  Eat: Chunk             |     3 |     8 |     6 |       ||    17
Armor: Leather armour    |    43 |       |   108 |    14 ||   165
       Ring mail         |    17 |   128 |    34 |       ||   179
Dodge: Dodged            |    77 |   172 |   215 |    10 ||   474

Table legend:
 A = Non-vault XP
 B = Vault XP
 C = Vault XP percentage of total XP
 D = Non-vault monster count
 E = Vault monster count
 F = Vault count percentage of total count
                 A         B        C        D         E       F
            +---------+---------+-------+---------+---------+-------
      Total |    2924 |    1729 |  37.2 |     157 |      23 |  12.8
            +---------+---------+-------+---------+---------+-------
        D:1 |      17 |       7 |  29.2 |       9 |       4 |  30.8
        D:2 |      20 |      32 |  61.5 |      10 |       5 |  33.3
        D:3 |     163 |      22 |  11.9 |      46 |       7 |  13.2
        D:4 |     280 |       0 |   0.0 |      13 |       0 |   0.0
        D:5 |     212 |    1017 |  82.8 |      12 |       6 |  33.3
        D:6 |     653 |       0 |   0.0 |      29 |       0 |   0.0
        D:7 |    1449 |     651 |  31.0 |      35 |       1 |   2.8
        D:8 |     130 |       0 |   0.0 |       3 |       0 |   0.0
            +---------+---------+-------+---------+---------+-------
